 Dungeon Crawl Stone Soup version 0.29-a0-352-g0917bc69df (webtiles) character file.

Game seed: 8361572648647472196

28 Morbidden the Skirmisher (level 3, 29/29 HPs)
             Began as a Demonspawn Fighter on Apr 24, 2022.
             Quit the game on level 1 of the Dungeon.
             The game lasted 00:00:36 (1055 turns).

Morbidden the Skirmisher (Demonspawn Fighter)       Turns: 1055, Time: 00:00:37

Health: 29/29      AC:  6    Str: 16    XL:     3   Next: 0%
Magic:  3/3        EV:  9    Int: 11    God:
Gold:   12         SH:  4    Dex: 12    Spells: 3/3 levels left

rFire   . . .      SeeInvis .   a - +0 war axe
rCold   . . .      Faith    .   c - +0 buckler
rNeg    . . .      Spirit   .   b - +0 scale mail
rPois   .          Reflect  .   (no helmet)
rElec   .          Harm     .   (no cloak)
rCorr   .          Rampage  .   (no gloves)
Will    .....                   (no boots)
Stlth   ..........              (no amulet)
HPRegen 0.09/turn               (no ring)
MPRegen 0.08/turn               (no ring)

@: no status effects
A: hooves 1, foul stench 1
a: no special abilities


You were on level 1 of the Dungeon.
You visited 1 branch of the dungeon, and saw 1 of its levels.

You collected 12 gold pieces.

Inventory:

Hand Weapons
 a - a +0 war axe (weapon)
Missiles
 k - 5 silver javelins (quivered)
Armour
 b - a +0 scale mail (worn)
 c - a +0 buckler (worn)
Scrolls
 e - a scroll of vulnerability {unknown}
 f - a scroll of teleportation {unknown}
 g - a scroll of identify {unknown}
 i - a scroll of immolation {unknown}
Potions
 d - a potion of might
 h - a potion of mutation {unknown}
 j - a potion of brilliance {unknown}
 l - a potion of haste {unknown}
 m - a potion of degeneration {unknown}


   Skills:
 * Level 3.3 Fighting
 * Level 2.1 Axes
 + Level 2.9 Armour
 * Level 0.6 Dodging
 + Level 2.8 Shields
 * Level 0.5 Spellcasting


You had 3 spell levels left.
You didn't know any spells.
Your spell library was empty.

Dungeon Overview and Level Annotations

Branches:
Dungeon (1/15)

Altars:


Innate Abilities, Weirdness & Mutations

You have large cloven feet.
You may rarely emit foul miasma when damaged in melee.


Message History

No target in view!
No target in view!
No target in view!
No target in view!
No target in view!
No target in view!
No target in view!
No target in view!
No target in view!
No target in view!
No target in view!
No target in view!
No target in view!
No target in view!
Things that are here:
a jackal corpse; a bat corpse No target in view!
A quokka comes into view.
The quokka bites you but does no damage.
The quokka bites you.
A quokka is nearby!
You hit the quokka.
The quokka is severely wounded.
The quokka bites you but does no damage.
A quokka is nearby!
You slash the quokka!
You kill the quokka!
You have reached level 3!
Your experience leads to an increase in your attributes!
Increase (S)trength, (I)ntelligence, or (D)exterity?
You feel clever. x2; Your demonic ancestry asserts itself...
Your feet thicken and deform.
You see here a quokka corpse.
Found 20 stones.
You open the door.
There is an open door here.
You open the door.
There is an open door here.
A giant cockroach comes into view.
Are you sure you want to abandon this character and quit the game? (Confirm with "yes".)

## ############### ..
#............#. .#
########.####.#.###.#.
.# #...B.##.#
##.#.....#. .##### #
#@##.###†.#.###.#.
.....# #.
#...........# #...
.###.###.#
#.###.##.###..#.###.#.
....†....#
#.....##............#.
####†#####
###.#########.......#.
##.## #.# ###...###.
#...### #.# ##.## ##
#.#...# #.# #.#
#...#.# #†# #.#


You could see a giant cockroach.

Vanquished Creatures
  3 ball pythons (D:1)
  3 endoplasms (D:1)
  2 goblins (D:1)
  2 hobgoblins (D:1)
  3 jackals (D:1)
  2 quokkas (D:1)
  7 bats (D:1)
  2 rats (D:1)
24 creatures vanquished.

Notes
Turn   | Place    | Note
-------+----------+-------------------------------------------
     0 | D:1      | Morbidden the Demonspawn Fighter began the quest for the
                  | Orb.
     0 | D:1      | Reached XP level 1. HP: 18/18 MP: 1/1
   484 | D:1      | Gained mutation: You may rarely emit foul miasma when
                  | damaged in melee. [demonic ancestry]
   484 | D:1      | Reached XP level 2. HP: 24/24 MP: 2/2
   991 | D:1      | Gained mutation: You have large cloven feet. [demonic
                  | ancestry]
   991 | D:1      | Reached XP level 3. HP: 27/29 MP: 3/3
  1055 | D:1      | Quit the game

Illustrated notes

Levels and vault maps discovered:
D:1:      evilmike_arrival_rings, layout_loops_corners

Skill      XL: |  1  2 |
---------------+-------+-----
Axes           | 2 |  2.1
Fighting       | |  3.3
Armour         | |  2.9
Dodging        | |  0.6
Shields        | |  2.8
Spellcasting   | |  0.5

Action                   || total
-------------------------++-------
Melee: War axe           ||    50
Armor: Scale mail        ||    36
Dodge: Dodged            ||    45
Block: Buckler           ||    11

Table legend: (Time is in decaauts)
 A = Elapsed time spent in this place.
 B = Non-inter-level travel time spent in this place.
 C = Inter-level travel time spent in this place.
 D = Time resting spent in this place.
 E = Time spent auto-exploring this place.
 F = Levels seen in this place.
 G = Mean time per level.
                   A        B        C        D        E       F      G
               +--------+--------+--------+--------+--------+-----+--------+
         Total |   1077 |   1077 |      0 |      0 |    916 |   1 | 1077.0 |
       Dungeon |   1077 |   1077 |      0 |      0 |    916 |   1 | 1077.0 |
               +--------+--------+--------+--------+--------+-----+--------+

Top non-repeatable levels by time:
     D:1: 1077 daAuts
